 Dungeon Crawl Stone Soup version 0.27-a0-650-g8dd3ea4f36 (webtiles) character file.

Game seed: 11783236167025028004

109 jasper the Caller (level 4, 0/37 HPs)
             Began as a Hill Orc Summoner on Mar 15, 2021.
             Slain by an orc wizard
             ... wielding a +0 dagger
              (2 damage)
             ... on level 3 of the Dungeon.
             The game lasted 00:05:07 (3840 turns).

jasper the Caller (Hill Orc Summoner)               Turns: 3840, Time: 00:05:08

Health: 0/37       AC:  4    Str: 10    XL:     4   Next: 89%
Magic:  2/6        EV: 11    Int: 16    God:
Gold:   115        SH:  0    Dex: 11    Spells: 3/6 levels left

rFire    . . .     SeeInvis .   g - +0 hand axe
rCold    . . .     Faith    .   (no shield)
rNeg     . . .     Spirit   .   l - +0 leather armour
rPois    .         Reflect  .   (no helmet)
rElec    .         Harm     .   d - +0 cloak
rCorr    .         Rampage  .   (no gloves)
Will     .....                  (no boots)
Stlth    +.........             (no amulet)
HPRegen  0.12/turn              (no ring)
MPRegen  0.10/turn              (no ring)

@: confused, berserk cooldown, slowed, very slow
A: no striking features
a: no special abilities


You were on level 3 of the Dungeon.
You visited 1 branch of the dungeon, and saw 3 of its levels.

You collected 115 gold pieces.

Inventory:

Hand Weapons
 f - a +0 club
 g - a +0 hand axe (weapon)
Missiles
 c - 47 bolts
 i - 14 poisoned darts
 q - 59 stones
Armour
 a - a +0 robe
 b - a +0 scale mail
 d - a +0 cloak (worn)
 e - a +0 ring mail
 l - a +0 leather armour (worn)
Scrolls
 h - 2 scrolls of amnesia {unknown}
 j - a scroll of random uselessness {unknown}
 k - 2 scrolls of enchant armour {unknown}
 m - a scroll of fog {unknown}
 n - a scroll of noise {unknown}
 o - 3 scrolls of identify {unknown}
 s - 2 scrolls of teleportation {unknown}
Potions
 p - a potion of flight


   Skills:
 + Level 2.3 Fighting
 * Level 3.1 Axes
 + Level 1.6 Armour
 + Level 2.2 Dodging
 - Level 1.5 Stealth
 - Level 1.6 Spellcasting
 - Level 4.0 Summonings


You had 3 spell levels left.
You knew the following spells:

 Your Spells              Type           Power      Damage    Failure   Level
a - Summon Small Mammal   Summ           56%        N/A       5%          1
b - Call Imp              Summ           14%        N/A       8%          2

Your spell library contained the following spells:

 Spells                   Type           Power      Damage    Failure   Level
 Call Canine Familiar     Summ           14%        N/A       16%         3
 Summon Guardian Golem    Hex/Summ       7%         N/A       36%         3
 Summon Ice Beast         Ice/Summ       7%         N/A       77%         4
 Summon Lightning Spire   Summ/Air       7%         N/A       77%         4


Dungeon Overview and Level Annotations

Branches:
Dungeon (3/15)

Altars:


Message History

You take 5 damage, and have 22/37 hp.
You closely miss something. Something hits you but does no damage.
You barely miss something. Something hits you.
You take 2 damage, and have 21/37 hp.
You miss something.
You hear some strange, mumbled words.
A puff of flame appears from out of thin air!
The puff of flame hits you.
You take 6 damage, and have 15/37 hp.
You miss something. Something hits you.
* * * LOW HITPOINT WARNING * * *
A kobold comes into view. It is wielding a +0 dagger.
You take 4 damage, and have 11/37 hp.
You hit something but do no damage.
You hear some strange, mumbled words.
You are confused.
Something hits you.
* * * LOW HITPOINT WARNING * * *
You take 4 damage, and have 7/37 hp.
Are you sure you want to stumble around while confused and next to your crimson imp? [Y]es or [N]o only, please.
Are you sure you want to stumble around while confused and next to your crimson imp?
Okay, then.
It was a potion of berserk rage.
A red film seems to cover your vision as you go berserk!
You feel yourself moving faster!
You feel mighty! Something hits you.
* * * LOW HITPOINT WARNING * * *
You now have 8/55 hp.
You feel a strong urge to attack something.
The kobold hits you with a +0 dagger.
* * * LOW HITPOINT WARNING * * *
Your crimson imp blinks!
You take 5 damage, and have 3/55 hp.
Are you sure you want to stumble around while confused and next to your iron imp?
The kobold closely misses you.
There is a stone staircase leading up, spattered with blood here.
You feel your anger nearly subside.
You are no longer berserk.
You are exhausted.
You feel yourself slow down. Something hits you.
You die...

....# ....#
....# ....#
....# ....#
####b..#
###.#@5ยง)..#
#....K...#.#
#....!...#
#........#
#........#
#........#
...##.....#
... #.....#
.. #.....#


You could see a bat, a kobold and a friendly iron imp (summoned).

Vanquished Creatures
  Terence (D:2)
  A dart slug (D:1)
  3 leopard geckos (D:2)
  3 orcs
  A giant cockroach (D:2)
  2 goblins
  7 hobgoblins
  7 kobolds
  A quokka (D:2)
  A ball python (D:1)
  4 bats
  4 frilled lizards
  7 rats
42 creatures vanquished.

Vanquished Creatures (collateral kills)
  2 adders (D:2)
  An ooze (D:1)
  4 worms
  A leopard gecko (D:2)
  An orc (D:2)
  4 bats
  A giant cockroach (D:2)
  3 goblins
  4 hobgoblins
  A jackal (D:2)
  A kobold (D:1)
  4 frilled lizards
  2 rats
29 creatures vanquished.

Grand Total: 71 creatures vanquished

Notes
Turn   | Place    | Note
-------+----------+-------------------------------------------
     0 | D:1      | jasper the Hill Orc Summoner began the quest for the Orb.
     0 | D:1      | Reached XP level 1. HP: 14/14 MP: 3/3
   429 | D:1      | Reached skill level 1 in Fighting
   429 | D:1      | Reached XP level 2. HP: 23/23 MP: 4/4
   526 | D:1      | Reached skill level 1 in Axes
   568 | D:1      | Learned a level 2 spell: Call Imp
  1085 | D:1      | Reached XP level 3. HP: 25/28 MP: 0/5
  1458 | D:2      | Reached skill level 1 in Armour
  2539 | D:2      | Reached XP level 4. HP: 31/36 MP: 6/6
  2734 | D:2      | Noticed Terence
  2794 | D:2      | Killed Terence
  3840 | D:3      | Slain by an orc wizard

Illustrated notes

Levels and vault maps discovered:
D:1:      minmay_arrival_loop, layout_rooms
D:2:      minmay_spotlight, layout_basic, minmay_pentomino_pile, uniq_terence
D:3:      layout_basic, uniq_jessica

Skill      XL: |  1  2  3  4 |
---------------+-------------+-----
Fighting       | 1 2 |  2.3
Axes           | 1 2 3 |  3.1
Armour         | 1 |  1.6
Dodging        | 2 |  2.2
Stealth        | |  1.5
Spellcasting   | |  1.6
Summonings     | |  4.0

Action                   |  1- 3 |  4- 6 || total
-------------------------+-------+-------++-------
Melee: Club              |     5 |       ||     5
       Hand axe          |   102 |    58 ||   160
       Unarmed           |     3 |       ||     3
 Cast: Summon Small Mamm |    15 |       ||    15
       Call Imp          |    23 |    17 ||    40
  Use: Potion            |     2 |     3 ||     5
 Stab: Sleeping          |     4 |       ||     4
       Distracted        |     1 |     2 ||     3
Armor: Robe              |     5 |       ||     5
       Leather armour    |    20 |    22 ||    42
Dodge: Dodged            |    80 |    52 ||   132

Table legend: (Time is in decaauts)
 A = Elapsed time spent in this place.
 B = Non-inter-level travel time spent in this place.
 C = Inter-level travel time spent in this place.
 D = Time resting spent in this place.
 E = Time spent auto-exploring this place.
 F = Levels seen in this place.
 G = Mean time per level.
                   A        B        C        D        E       F      G
               +--------+--------+--------+--------+--------+-----+--------+
         Total |   3873 |   3775 |     98 |    811 |   2306 |   3 | 1291.0 |
       Dungeon |   3873 |   3775 |     98 |    811 |   2306 |   3 | 1291.0 |
               +--------+--------+--------+--------+--------+-----+--------+

Top non-repeatable levels by time:
     D:2: 2669 daAuts
     D:1: 1174 daAuts
     D:3: 29 daAuts
